 Dungeon Crawl Stone Soup version 0.27-a0-951-gae3e1deef5 (webtiles) character file.

Game seed: 3561683262814855042

4 dolemite99 the Skirmisher (level 1, 0/18 HPs)
             Began as a Demonspawn Abyssal Knight on Apr 12, 2021.
             Was an Initiate of Lugonu.
             Slain by a hobgoblin (2 damage)
             ... on level 1 of the Dungeon.
             The game lasted 00:00:48 (611 turns).

dolemite99 the Skirmisher (DsAK)                     Turns: 611, Time: 00:00:49

Health: 0/18       AC:  3    Str: 12    XL:     1   Next: 58%
Magic:  2/2        EV: 11    Int: 13    God:    Lugonu [......]
Gold:   20         SH:  0    Dex: 12    Spells: 0/0 levels left

rFire    . . .     SeeInvis .   a - +1 spear
rCold    . . .     Faith    .   (no shield)
rNeg     . . .     Spirit   .   b - +0 leather armour
rPois    .         Reflect  .   (helmet restricted)
rElec    .         Harm     .   (no cloak)
rCorr    .         Rampage  .   (no gloves)
Will     .....                  (no boots)
Stlth    +.........             (no amulet)
HPRegen  0.06/turn              (no ring)
MPRegen  0.08/turn              (no ring)

@: no status effects
A: horns 2
a: Renounce Religion


You were on level 1 of the Dungeon.
You worshipped Lugonu.
Lugonu was noncommittal.
You visited 1 branch of the dungeon, and saw 1 of its levels.
You visited the Abyss 1 time.

You collected 20 gold pieces.

Inventory:

Hand Weapons
 a - a +1 spear (weapon)
Missiles
 g - 2 boomerangs
Armour
 b - a +0 leather armour (worn)
Scrolls
 c - a scroll of enchant weapon {unknown}
 e - a scroll of noise {unknown}
 f - a scroll of vulnerability {unknown}


   Skills:
 - Level 3.0 Fighting
 + Level 2.2 Polearms
 - Level 1.7 Armour
 - Level 0.8 Dodging
 - Level 2.4 Invocations


You couldn't memorise any spells.
You didn't know any spells.
Your spell library was empty.

Dungeon Overview and Level Annotations

Branches:
Dungeon (1/15)

Altars:


Innate Abilities, Weirdness & Mutations

You have a pair of horns on your head.


Message History

The ball python closely misses you. The ball python grabs you.
The ball python constricts you.
You escape the ball python's grasp.
You open the gate. The ball python closely misses you.
The ball python grabs you. The ball python constricts you. The rat bites you.
The hobgoblin hits you.
You escape the ball python's grasp.
There is an open gate here.
There is an open gate here.
It was a potion of mutation.
You feel extremely strange. A pair of horns grows on your head!
The horns on your head grow some more.
The ball python bites you but does no damage.
The ball python grabs you. The ball python constricts you.
You closely miss the ball python. You headbutt the ball python.
You kill the ball python!
Lugonu accepts your kill.
You closely miss the hobgoblin. Your headbutt misses the hobgoblin.
The hobgoblin hits you but does no damage.
The rat barely misses you.
The hobgoblin hits you but does no damage.
You barely miss the hobgoblin. The rat closely misses you.
The hobgoblin barely misses you.
You closely miss the hobgoblin. The rat closely misses you.
The hobgoblin misses you.
You closely miss the hobgoblin. The rat closely misses you.
The hobgoblin hits you but does no damage.
You hit the rat.
The rat is severely wounded.
The rat barely misses you. The hobgoblin hits you.
* * * LOW HITPOINT WARNING * * *
You hit the rat.
You kill the rat!
Lugonu accepts your kill. The hobgoblin hits you.
* * * LOW HITPOINT WARNING * * *
You hit the hobgoblin but do no damage. Your headbutt misses the hobgoblin.
The hobgoblin hits you but does no damage.
You barely miss the hobgoblin. Your headbutt misses the hobgoblin.
The hobgoblin hits you.
You die...

###......#÷..#.#
#....'#+##...#
###....'#.##.#.#
#......'#....#.#
#..........≈≈P♣..
#.........≈≈≈P≈...
#..........PPP♣...§
#...g†####...###...
#....@####..## ..§
#........#.... ..
#........######
#........#
##.....<..#
P........>.#
≈.#######'## ♣≈.
#..'.## ♣≈ #>.###


You could see a hobgoblin.

Vanquished Creatures
  2 quokkas (D:1)
  2 ball pythons (D:1)
  A rat (D:1)
5 creatures vanquished.

Notes
Turn   | Place    | Note
-------+----------+-------------------------------------------
     0 | Abyss:1  | dolemite99 the Demonspawn Abyssal Knight began the quest
                  | for the Orb.
     0 | Abyss:1  | Reached XP level 1. HP: 18/18 MP: 2/2
   112 | Abyss:3  | Noticed a small abomination
   133 | Abyss:3  | Found a blossoming altar of Fedhas.
   136 | Abyss:3  | Noticed an iron imp
   137 | D:1      | Escaped the Abyss
   599 | D:1      | Gained mutation: You have a pair of small horns on your
                  | head. [potion of mutation]
   599 | D:1      | Gained mutation: You have a pair of horns on your head.
                  | [potion of mutation]
   611 | D:1      | Slain by a hobgoblin

Illustrated notes

Levels and vault maps discovered:
D:1:      dpeg_arrival_connections, layout_basic, serial_bayou,
          serial_bayou_pond_e, serial_bayou_pond_b, serial_bayou_pond_e,
          serial_bayou_shore_b, serial_bayou_lake_a,
          ebering_ecumenical_altar_mist, corexii_corridor_pit,
          minmay_tetromino_o2

Skill      XL: |  1 |
---------------+----+-----
Polearms       | 2 |  2.2
Fighting       | |  3.0
Armour         | |  1.7
Dodging        | |  0.8
Invocations    | |  2.4

Action                   || total
-------------------------++-------
Melee: Spear             ||    30
       Headbutt          ||     1
Invok: Depart the Abyss  ||     1
  Use: Potion            ||     1
Armor: Leather armour    ||    11
Dodge: Dodged            ||    20

Table legend: (Time is in decaauts)
 A = Elapsed time spent in this place.
 B = Non-inter-level travel time spent in this place.
 C = Inter-level travel time spent in this place.
 D = Time resting spent in this place.
 E = Time spent auto-exploring this place.
 F = Levels seen in this place.
 G = Mean time per level.
                   A        B        C        D        E       F      G
               +--------+--------+--------+--------+--------+-----+--------+
         Total |    610 |    610 |      0 |    363 |    125 |   4 |  152.5 |
       Dungeon |    473 |    473 |      0 |    363 |     46 |   1 |  473.0 |
         Abyss |    136 |    136 |      0 |      0 |     79 |   3 |   45.3 |
               +--------+--------+--------+--------+--------+-----+--------+

Top non-repeatable levels by time:
     D:1: 473 daAuts
 Abyss:3: 67 daAuts
 Abyss:2: 40 daAuts
 Abyss:1: 28 daAuts
